 Dungeon Crawl Stone Soup version 0.22.1-2-g9c5b331 (webtiles) character file.

81 Gearfox the Slasher (level 4, -1/38 HPs)
             Began as a Draconian Fighter on Nov 30, 2018.
             Slain by a gnoll
             ... wielding a +0 spear
              (4 damage)
             ... on level 3 of the Dungeon.
             The game lasted 00:08:10 (2306 turns).

Gearfox the Slasher (Draconian Fighter)             Turns: 2306, Time: 00:08:11

Health: -1/38      AC:  6    Str: 16 (19) XL:     4   Next: 19%
Magic:  4/4        EV: 10    Int:  7 (8)  God:
Gold:   96         SH:  9    Dex: 10 (11) Spells: 3/3 levels left

rFire    + . .     SeeInvis .   a - +1 long sword
rCold    . . .     Gourm    .   b - +1 shield
rNeg     . . .     Faith    .   (armour unavailable)
rPois    .         Spirit   .   (helmet restricted)
rElec    .         Reflect  .   (no cloak)
rCorr    .         Harm     .   (no gloves)
MR       .....                  n - +0 pair of boots
Stlth    +.........             f - amulet of magic regeneration
HPRegen  0.12/turn              j - ring of protection from fire
MPRegen  0.34/turn              (no ring)

@: no status effects
A: unfitting armour, cold-blooded, AC +5
a: no special abilities


You were on level 3 of the Dungeon.
You were not hungry.

You visited 1 branch of the dungeon, and saw 3 of its levels.

You collected 96 gold pieces.

Inventory:

Hand Weapons
 a - a +1 long sword (weapon)
Armour
 b - a +1 shield (worn)
 n - a +0 pair of boots (worn)
 o - a cursed +0 helmet
Jewellery
 f - an amulet of magic regeneration (around neck)
 j - a ring of protection from fire (left hand)
Scrolls
 e - 4 scrolls of enchant armour
 h - a scroll of remove curse
 i - 3 scrolls of teleportation
 q - a scroll of blinking {unknown}
Potions
 c - a potion of might
 g - a potion of flight
 k - 4 potions of curing
 l - a potion of agility {unknown}
 m - a potion of brilliance {unknown}
Comestibles
 d - 6 rations
 p - 2 chunks of flesh


   Skills:
 - Level 3.3 Fighting
 * Level 4.4 Long Blades
 - Level 2.7 Dodging
 - Level 3.0 Shields


You had 3 spell levels left.
You didn't know any spells.
Your spell library contained the following spells:

 Spells                   Type           Power        Failure   Level  Hunger
 Summon Small Mammal      Summ           #...         91%         1    ##.....
 Call Imp                 Summ           #.......     97%         2    ###....
 Call Canine Familiar     Summ           #.......     100%        3    ####...
 Summon Guardian Golem    Hex/Summ       #.......     100%        3    ####...
 Summon Ice Beast         Ice/Summ       #.......     100%        4    #####..
 Summon Lightning Spire   Summ/Air       #.......     100%        4    #####..


Dungeon Overview and Level Annotations

Branches:
Dungeon (3/15)

Altars:
Gozag
Zin


Innate Abilities, Weirdness & Mutations

Your plain brown scales are hard. (AC +5)
You cannot fit into any form of body armour.
You are cold-blooded and may be slowed by cold attacks.


Message History

The gnoll is almost dead.
You block the frilled lizard's attack. The gnoll barely misses you.
The gnoll closely misses you. The gnoll barely misses you.
You riposte.
You hit the gnoll but do no damage.
The gnoll is almost dead.
The frilled lizard misses you.
You block the gnoll's attack. x2; The gnoll barely misses you.
The frilled lizard bites you but does no damage.
You miss the frilled lizard.
The gnoll hits you from afar with a spear.
* * * LOW HITPOINT WARNING * * *
The gnoll hits you from afar with a spear.
* * * LOW HITPOINT WARNING * * *
You block the frilled lizard's attack. The gnoll barely misses you. x2
You closely miss the frilled lizard.
The gnoll hits you from afar with a spear.
* * * LOW HITPOINT WARNING * * *
You block the frilled lizard's attack.
The gnoll hits you from afar with a spear.
You die...

#.............####
###...............
#.###..............
#(.##...............
#.............#...(.
#.###.........#.gg..
#...÷........##.....
##......g........g
#.....@lg.....#g. ..
#.....†g..#..#.#....
#......)....#._.#
#...........$#.
#.............#
#.........#.......
#.........#####....
#.......... .....
...........#. ....


You could see 3 gnolls and a frilled lizard.

Vanquished Creatures
  An adder (D:2)
  A gnoll (D:3)
  An ooze (D:1)
  A worm (D:2)
  A leopard gecko (D:3)
  4 bats
  5 giant cockroaches
  10 goblins
  8 hobgoblins
  7 kobolds
  2 quokkas
  2 ball pythons
  3 frilled lizards
  4 rats
50 creatures vanquished.

Notes
Turn   | Place    | Note
-------+----------+-------------------------------------------
     0 | D:1      | Gearfox the Draconian Fighter began the quest for the Orb.
     0 | D:1      | Reached XP level 1. HP: 19/19 MP: 1/1
   341 | D:1      | Reached XP level 2. HP: 23/26 MP: 2/2
   575 | D:1      | Reached skill level 3 in Long Blades
  1124 | D:2      | Reached XP level 3. HP: 27/31 MP: 3/3
  1619 | D:2      | Reached skill level 4 in Long Blades
  1973 | D:2      | Found a glowing silver altar of Zin.
  2086 | D:2      | Found an opulent altar of Gozag.
  2243 | D:3      | Reached XP level 4. HP: 31/38 MP: 4/4
  2267 | D:3      | Found a faded altar of an unknown god.
  2306 | D:3      | Slain by a gnoll

Skill      XL: |  1  2  3 |
---------------+----------+-----
Long Blades    | 3 4 |  4.4
Fighting       | |  3.3
Dodging        | |  2.7
Shields        | |  3.0

Action                   |  1- 3 |  4- 6 || total
-------------------------+-------+-------++-------
Melee: Long sword        |   140 |    18 ||   158
       Tailslap          |    13 |     1 ||    14
  Use: Scroll            |     6 |       ||     6
       Potion            |     4 |       ||     4
 Stab: Sleeping          |     1 |       ||     1
  Eat: Chunk             |     4 |     1 ||     5
Armor: Skin              |    37 |     9 ||    46
Dodge: Dodged            |    39 |    16 ||    55
Block: Shield            |    83 |    20 ||   103
       Rpst.: Long sword |    10 |     2 ||    12
